 Dungeon Sprint DCSS version 0.21-a0-278-ga722497 (webtiles) character file.

438 vatarom the Grappler (level 6, 0/68 HPs)
             Began as a Troll Monk on Sept 20, 2017.
             Was a Believer of Wu Jian.
             Shot with an arrow by a centaur warrior (30 damage)
             ... in the Dungeon (Sprint I: "Red Sonja").
             The game lasted 00:01:03 (197 turns).

vatarom the Grappler (Troll Monk)                    Turns: 197, Time: 00:01:03

Health: 0/68       AC:  5    Str: 20    XL:     6   Next: 69%
Magic:  5/5        EV: 13    Int:  6    God:    Wu Jian [**....]
Gold:   297        SH:  0    Dex: 14    Spells: 5/5 levels left

rFire    . . .     SeeInvis .     - Unarmed
rCold    . . .     Gourm    +   (no shield)
rNeg     . . .     Faith    .   a - +0 robe
rPois    .         Spirit   .   (helmet restricted)
rElec    .         Reflect  .   (no cloak)
rCorr    .         Harm     .   (gloves unavailable)
MR       .....     NoTele   +   (boots unavailable)
Stlth    ++........             (no amulet)
HPRegen  0.61/turn              (no ring)
MPRegen  0.09/turn              (no ring)

@: no status effects
A: unfitting armour, claws 3, fast metabolism 3, gourmand, regeneration 1,
shaggy fur 1, tough skin 2
a: Renounce Religion


You were in the Dungeon.
You worshipped Wu Jian.
Wu Jian was pleased with you.
You were full.

You visited 1 branch You collected 297 gold pieces.

Inventory:

Armour
 a - a +0 robe (worn)
Wands
 j - a wand of paralysis (11/24)
Scrolls
 h - a scroll of blinking
Potions
 c - a potion of curing
 d - a potion of heal wounds
 e - a potion of haste
 f - 2 potions of magic
 g - a potion of berserk rage
 i - a potion of mutation {unknown}
Books
 k - a book of Misfortune

   Spells                             Type                      Level
   a - Confusing Touch                Hexes                        1
   b - Confuse                        Hexes                        3
   c - Gell's Gravitas                Translocation                3
   d - Petrify                        Transmutation/Earth          4
   e - Metabolic Englaciation         Hexes/Ice                    5
   f - Yara's Violent Unravelling     Hexes/Transmutation          5
Comestibles
 b - 2 bread rations


   Skills:
 + Level 6.5 Fighting
 + Level 6.4 Dodging
 - Level 1.0 Stealth
 * Level 10.7 Unarmed Combat


You had 5 spell levels left.
You didn't know any spells.

Dungeon Overview and Level Annotations

Branches:
Dungeon (1/1)

Altars:
Cheibriados
Dithmenos
Elyvilon
Fedhas
Gozag
Hepliaklqana
Kikubaaqudgha
Makhleb
Nemelex Xobeh
Okawaru
Qazlal
Ru
Sif Muna
Trog
Uskayaw
Vehumet
Wu Jian
Xom
Yredelemnul
Zin
The Shining One
Jiyva
Lugonu

Shops:
D %

Annotations:
D Sonja


Innate Abilities, Weirdness & Mutations

You are too large for most types of armour.
You have claws for hands.
Your metabolism is lightning-fast.
You like to eat raw meat.
Your natural rate of healing is unusually fast.
You are covered in fur. (AC +1)
You have very tough skin. (AC +2)


Message History

The arrow hits you!!
A centaur warrior comes into view.
The centaur warrior shouts!
There is an open door, spattered with blood here.
You see here an arrow.
Found 6 gold pieces and a scroll labeled HUUBUSHR DEOSUPP.
There's something blocking the doorway.
Evoke which item? (* to show all) (? for menu, Esc to quit)
Okay, then.
There's something blocking the doorway.
There's something blocking the doorway.
The centaur warrior wields a glowing longbow.
It bursts into flame!
The centaur warrior shoots an arrow.
The arrow hits you! The arrow burns you.
There is an open door, spattered with blood here.
You see here an arrow.
The centaur warrior shoots an arrow.
The arrow hits you! The arrow burns you.
There's something blocking the doorway.
The centaur warrior shoots an arrow.
The arrow hits you!!
You die...

################ ##
#<.#..').#.)'..#__#
#..)..#..'..#@.+J.+
#..#####'#####(#__#
#..####..#...#.####$§#
#..#__####..##c#§≈≈..#
#..#_____##'#_§c§§§.§
#⌠⌠#_.∩...†...§#§§≈cc#
####_..__##_.#'##+####
#_____###+#(# #######
.###


You could see 2 centaur warriors.

Vanquished Creatures
  Sigmund (D)
  A yak (D)
  An ogre (D)
  A jelly (D)
  Ijyb (D)
5 creatures vanquished.

Notes
Turn   | Place    | Note
-------+----------+-------------------------------------------
     0 | D        | vatarom the Troll Monk began the quest for the Orb.
     0 | D        | Reached XP level 1. HP: 22/22 MP: 0/0
     1 | D        | Noticed Ijyb
    17 | D        | Killed Ijyb
    17 | D        | Reached skill level 5 in Unarmed Combat
    17 | D        | Reached XP level 2. HP: 31/31 MP: 1/1
    23 | D        | Noticed an ogre
    30 | D        | Killed an ogre
    30 | D        | Reached skill level 7 in Unarmed Combat
    30 | D        | Reached XP level 3. HP: 21/40 MP: 2/2
    30 | D        | Reached XP level 4. HP: 26/49 MP: 3/3
    71 | D        | Noticed Sigmund
    76 | D        | Killed Sigmund
    76 | D        | Reached skill level 5 in Fighting
    76 | D        | Reached skill level 5 in Dodging
    76 | D        | Reached skill level 9 in Unarmed Combat
    76 | D        | Reached XP level 5. HP: 49/59 MP: 4/4
    76 | D        | Reached XP level 6. HP: 56/67 MP: 5/5
   110 | D        | Found a deep blue altar of Sif Muna.
   111 | D        | Found an ornate altar of the Wu Jian Council.
   112 | D        | Found a burning altar of Makhleb.
   112 | D        | Found a viscous altar of Jiyva.
   112 | D        | Found a shimmering altar of Xom.
   112 | D        | Found a corrupted altar of Lugonu.
   112 | D        | Noticed a slime creature
   115 | D        | Found a radiant altar of Vehumet.
   125 | D        | Became a worshipper of the Wu Jian Council
   125 | D        | Reached * piety under Wu Jian
   125 | D        | Reached ** piety under Wu Jian
   141 | D        | Found Tiafauh's Food Emporium.
   141 | D        | Found an ancient bone altar of Kikubaaqudgha.
   141 | D        | Found a hazy altar of Hepliaklqana.
   141 | D        | Found a hide-covered altar of Uskayaw.
   141 | D        | Found a basalt altar of Yredelemnul.
   141 | D        | Found an opulent altar of Gozag.
   141 | D        | Found a snail-covered altar of Cheibriados.
   141 | D        | Found a sacrificial altar of Ru.
   141 | D        | Found a shadowy altar of Dithmenos.
   141 | D        | Noticed a yak
   142 | D        | Found a stormy altar of Qazlal.
   142 | D        | Found a blossoming altar of Fedhas.
   142 | D        | Found a bloodstained altar of Trog.
   142 | D        | Found an iron altar of Okawaru.
   142 | D        | Found a glowing golden altar of the Shining One.
   142 | D        | Found a glowing silver altar of Zin.
   142 | D        | Found a white marble altar of Elyvilon.
   147 | D        | Killed a yak
   147 | D        | Reached skill level 10 in Unarmed Combat
   173 | D        | Found a sparkling altar of Nemelex Xobeh.
   182 | D        | Noticed Sonja
   190 | D        | Noticed a centaur warrior
   191 | D        | Noticed a centaur warrior
   197 | D        | Shot with an arrow by a centaur warrior

Vault maps used:
D:        dungeon_sprint_1

Skill      XL: |  1  2  3  4  5  6 |
---------------+-------------------+-----
Fighting       | 3 4 5 6 |  6.5
Dodging        | 3 4 5 6 |  6.4
Unarmed Combat | 5 7 9 10 | 10.7
Stealth        | |  1.0

Action                   |  1- 3 |  4- 6 || total
-------------------------+-------+-------++-------
Melee: Unarmed           |    20 |     8 ||    28
       Punch             |     1 |       ||     1
  Eat: Chunk             |       |     4 ||     4
Armor: Robe              |     3 |       ||     3
Dodge: Dodged            |     6 |     2 ||     8

Table legend:
 A = Spawn XP
 B = Non-spawn XP
 C = Spawn XP percentage of total XP
 D = Spawn monster count
 E = Non-spawn monster count
 F = Spawn count percentage of total count
 G = Total turns spent on level
                    A         B        C        D         E        F      G
               +---------+---------+-------+---------+---------+-------+---------
         Total |       0 |     626 |   0.0 |       0 |       5 |   0.0 |   197
               +---------+---------+-------+---------+---------+-------+---------
             D |       0 |     626 |   0.0 |       0 |       5 |   0.0 |   197
               +---------+---------+-------+---------+---------+-------+---------
